BLB
PHILADELPHIA FREEDOM @ NEW YORK CYCLONES
09/22/2059
 
TOP OF THE 1ST
Philadelphia Freedom batting - Pitching for New York Cyclones : RHP Theodore Stocker
Pitching: RHP Theodore Stocker
Batting: RHB Walter Muller 0-0: Ball
1-0: Ball
2-0: Ball
3-0: Base on Balls
Batting: RHB Wellington Wingate 0-0: Ball
1-0: Ball
2-0: Grounds into double play, 4-6-3 (Groundball, 4, EV 80.6 MPH)
Batting: RHB Mitch Marcinkowski 0-0: Swinging Strike
0-1: Swinging Strike
0-2: Ball
1-2: Strikes out swinging
Top of the 1st over - 0 runs, 0 hits, 0 errors, 0 left on base; Philadelphia 0 - New York 0
BOTTOM OF THE 1ST
New York Cyclones batting - Pitching for Philadelphia Freedom : RHP Tucker Key
Pitching: RHP Tucker Key
Batting: LHB John McIntyre 0-0: Called Strike
0-1: Called Strike
0-2: Ball
1-2: Ball
2-2: Foul Ball, location: 2F
2-2: Ball
3-2: Foul Ball, location: 2F
3-2: Strikes out swinging
Batting: RHB Fred Etheridge 0-0: Called Strike
0-1: Ball
1-1: Swinging Strike
1-2: SINGLE (Groundball, 4MD, EV 105.6 MPH)
Batting: RHB Jarrett Evans 0-0: Ball
1-0: Grounds into double play, 6-4-3 (Groundball, 6, EV 83.8 MPH)
Bottom of the 1st over - 0 runs, 1 hit, 0 errors, 0 left on base; Philadelphia 0 - New York 0
TOP OF THE 2ND
Philadelphia Freedom batting - Pitching for New York Cyclones : RHP Theodore Stocker
Batting: RHB Coby Setko 0-0: Ball
1-0: Swinging Strike
1-1: Called Strike
1-2: Ball
2-2: Fly out, F9 (Flyball, 9, EV 76.9 MPH)
Batting: RHB Isaiah Thomas 0-0: Called Strike
0-1: Ball
1-1: Fly out, F7 (Flyball, 7D, EV 93.1 MPH)
Batting: RHB Burgess Nalivkin 0-0: Ball
1-0: Foul Ball, location: 2F
1-1: Swinging Strike
1-2: Ball
2-2: Foul Ball, location: 2F
2-2: Foul Ball, location: 2F
2-2: Strikes out looking
Top of the 2nd over - 0 runs, 0 hits, 0 errors, 0 left on base; Philadelphia 0 - New York 0
BOTTOM OF THE 2ND
New York Cyclones batting - Pitching for Philadelphia Freedom : RHP Tucker Key
Batting: LHB Jim Mjima 0-0: Called Strike
0-1: Ball
1-1: Ball
2-1: Foul Ball, location: 2F
2-2: Strikes out swinging
Batting: LHB Jared Rosewall 0-0: Foul Ball, location: 2F
0-1: Ball
1-1: Ball
2-1: Fly out, F9 (Flyball, 9LSF, EV 92.5 MPH)
Batting: RHB Alexander Charter 0-0: Called Strike
0-1: SINGLE (Groundball, 5S, EV 71.9 MPH) (infield hit)
Batting: LHB Tariq Alston 0-0: Swinging Strike
0-1: Foul Ball, location: 2F
0-2: Ball
1-2: Strikes out swinging
Bottom of the 2nd over - 0 runs, 1 hit, 0 errors, 1 left on base; Philadelphia 0 - New York 0
TOP OF THE 3RD
Philadelphia Freedom batting - Pitching for New York Cyclones : RHP Theodore Stocker
Batting: RHB Art Swor 0-0: Ball
1-0: Called Strike
1-1: Swinging Strike
1-2: Strikes out looking
Batting: RHB Phillip Cox 0-0: Swinging Strike
0-1: SOLO HOME RUN (Flyball, 78XD, EV 96.9 MPH), Distance : 389 ft
Batting: RHB Garret Connors 0-0: Ball
1-0: Ball
2-0: Ball
3-0: Called Strike
3-1: Foul Ball, location: 2F
3-2: Foul Ball, location: 2F
3-2: Foul Ball, location: 2F
3-2: Ground out 6-3 (Groundball, 6, EV 83.8 MPH)
Batting: RHB Walter Muller 0-0: Ball
1-0: Called Strike
1-1: Ball
2-1: Ball
3-1: Foul Ball, location: 2F
3-2: Base on Balls
Batting: RHB Wellington Wingate 0-0: Ball
1-0: Fielders Choice at 2nd, 6-4 (Groundball, 6, EV 102.5 MPH)
Top of the 3rd over - 1 run, 1 hit, 0 errors, 1 left on base; Philadelphia 1 - New York 0
BOTTOM OF THE 3RD
New York Cyclones batting - Pitching for Philadelphia Freedom : RHP Tucker Key
Batting: RHB Evan Buhler 0-0: Called Strike
0-1: Ball
1-1: SINGLE (Line Drive, 9LS, EV 91.9 MPH)
Batting: RHB Kaniel Martinez 0-0: Called Strike
0-1: Ball
1-1: Grounds into double play, 5-4-3 (Groundball, 56, EV 85.0 MPH)
Batting: LHB John McIntyre 0-0: Ball
1-0: DOUBLE (Flyball, 8RXD, EV 110.6 MPH)
Batting: RHB Fred Etheridge 0-0: Ball
1-0: Ground out 6-3 (Groundball, 6S, EV 83.8 MPH)
Bottom of the 3rd over - 0 runs, 2 hits, 0 errors, 1 left on base; Philadelphia 1 - New York 0
TOP OF THE 4TH
Philadelphia Freedom batting - Pitching for New York Cyclones : RHP Theodore Stocker
Batting: RHB Mitch Marcinkowski 0-0: Swinging Strike
0-1: Ball
1-1: Ball
2-1: DOUBLE (Groundball, 5L, EV 102.5 MPH)
Batting: RHB Coby Setko 0-0: Swinging Strike
0-1: Swinging Strike
0-2: Ball
1-2: Foul Ball, location: 2F
1-2: Strikes out looking
Batting: RHB Isaiah Thomas 0-0: Ball
1-0: Fly out, F8 (Flyball, 78S, EV 85.0 MPH)
Batting: RHB Burgess Nalivkin 0-0: Ball
1-0: Called Strike
1-1: Ball
2-1: Foul Ball, location: 2F
2-2: Foul Ball, location: 2F
2-2: Foul Ball, location: 2F
2-2: Ball
3-2: Foul Ball, location: 2F
3-2: Foul Ball, location: 2F
3-2: Fly out, F9 (Flyball, 89S, EV 85.6 MPH)
Top of the 4th over - 0 runs, 1 hit, 0 errors, 1 left on base; Philadelphia 1 - New York 0
BOTTOM OF THE 4TH
New York Cyclones batting - Pitching for Philadelphia Freedom : RHP Tucker Key
Batting: RHB Jarrett Evans 0-0: Foul Ball, location: 2F
0-1: Foul Ball, location: 2F
0-2: Ball
1-2: Ball
2-2: Ground out 3-1 (Groundball, 34S, EV 89.4 MPH)
Batting: LHB Jim Mjima 0-0: Ball
1-0: Foul Ball, location: 2F
1-1: SINGLE (Groundball, 4MD, EV 96.9 MPH)
Batting: LHB Jared Rosewall 0-0: Swinging Strike
0-1: Swinging Strike
0-2: Ball
1-2: Strikes out looking
Batting: RHB Alexander Charter 0-0: Ball
1-0: Ball
2-0: Ball
3-0: Base on Balls
Jim Mjima to second
Batting: LHB Tariq Alston 0-0: Swinging Strike
0-1: Ball
1-1: Fly out, F9 (Flyball, 9D, EV 91.9 MPH)
Bottom of the 4th over - 0 runs, 1 hit, 0 errors, 2 left on base; Philadelphia 1 - New York 0
TOP OF THE 5TH
Philadelphia Freedom batting - Pitching for New York Cyclones : RHP Theodore Stocker
Batting: RHB Art Swor 0-0: Foul Ball, location: 2F
0-1: Fly out, F9 (Flyball, 9S, EV 87.5 MPH)
Batting: RHB Phillip Cox 0-0: Foul Ball, location: 2F
0-1: Ball
1-1: Ball
2-1: Ball
3-1: Fly out, F8 (Flyball, 8RM, EV 86.9 MPH)
Batting: RHB Garret Connors 0-0: Swinging Strike
0-1: Foul Ball, location: 2F
0-2: Foul Ball, location: 2F
0-2: Strikes out swinging
Top of the 5th over - 0 runs, 0 hits, 0 errors, 0 left on base; Philadelphia 1 - New York 0
BOTTOM OF THE 5TH
New York Cyclones batting - Pitching for Philadelphia Freedom : RHP Tucker Key
Batting: RHB Evan Buhler 0-0: Ball
1-0: Ball
2-0: Foul Ball, location: 2F
2-1: Ball
3-1: Foul Ball, location: 2F
3-2: Base on Balls
Batting: RHB Kaniel Martinez 0-0: Sac Bunt to 5S - play at first, batter OUT! 5-4
Evan Buhler to second
Batting: LHB John McIntyre 0-0: Ground out 4-3 (Groundball, 4M, EV 83.1 MPH)
Evan Buhler to third
Batting: RHB Fred Etheridge 0-0: Fly out, F3 (Popup, 3F, EV 78.8 MPH)
Bottom of the 5th over - 0 runs, 0 hits, 0 errors, 1 left on base; Philadelphia 1 - New York 0
TOP OF THE 6TH
Philadelphia Freedom batting - Pitching for New York Cyclones : RHP Theodore Stocker
Batting: RHB Walter Muller 0-0: Ball
1-0: Foul Ball, location: 2F
1-1: Ball
2-1: Ball
3-1: Foul Ball, location: 2F
3-2: Foul Ball, location: 2F
3-2: SINGLE (Groundball, 6MD, EV 96.2 MPH)
Batting: RHB Wellington Wingate 0-0: Called Strike
Walter Muller is caught stealing 2nd base 2-4
0-1: Ball
1-1: Ball
2-1: Foul Ball, location: 2F
2-2: Foul Ball, location: 2F
2-2: Foul Ball, location: 2F
2-2: Foul Ball, location: 2F
2-2: Fly out, F8 (Flyball, 8LXD, EV 90.6 MPH)
Batting: RHB Mitch Marcinkowski 0-0: Ball
1-0: Ball
2-0: Ball
3-0: Called Strike
3-1: Fly out, F9 (Line Drive, 89XD, EV 98.1 MPH)
Top of the 6th over - 0 runs, 1 hit, 0 errors, 0 left on base; Philadelphia 1 - New York 0
BOTTOM OF THE 6TH
New York Cyclones batting - Pitching for Philadelphia Freedom : RHP Tucker Key
Batting: RHB Jarrett Evans 0-0: Ball
1-0: Ball
2-0: Called Strike
2-1: Ground out 6-3 (Groundball, 6, EV 87.5 MPH)
Batting: LHB Jim Mjima 0-0: Ball
1-0: Ball
2-0: DOUBLE (Flyball, 8RXD, EV 100.0 MPH)
Batting: LHB Jared Rosewall 0-0: Called Strike
0-1: Ball
1-1: Called Strike
1-2: Ball
2-2: SINGLE (Flyball, 89S, EV 91.9 MPH)
Jim Mjima to third
Runner from 3rd tries for Home, SAFE, throw by RF to home
Batting: RHB Alexander Charter 0-0: Ball
1-0: Called Strike
1-1: Ball
2-1: Foul Ball, location: 2F
2-2: SINGLE (Line Drive, 89M, EV 105.6 MPH)
Jared Rosewall to second
Batting: LHB Tariq Alston 0-0: Grounds into double play, 4-6-3 (Groundball, 4, EV 109.4 MPH)
Bottom of the 6th over - 1 run, 3 hits, 0 errors, 1 left on base; Philadelphia 1 - New York 1
TOP OF THE 7TH
Philadelphia Freedom batting - Pitching for New York Cyclones : RHP Theodore Stocker
Batting: RHB Coby Setko 0-0: Ball
1-0: Ball
2-0: Called Strike
2-1: Swinging Strike
2-2: Ball
3-2: Strikes out swinging
Pitching: LHP Richard Dobson
Batting: RHB Isaiah Thomas 0-0: Called Strike
0-1: Foul Ball, location: 2F
0-2: Foul Ball, location: 2F
0-2: Foul Ball, location: 2F
0-2: Ball
1-2: Foul Ball, location: 2F
1-2: Ball
2-2: Foul Ball, location: 2F
2-2: Strikes out swinging
Batting: RHB Burgess Nalivkin 0-0: Ball
1-0: Ball
2-0: Ground out 5-3 (Groundball, 5, EV 90.0 MPH)
Top of the 7th over - 0 runs, 0 hits, 0 errors, 0 left on base; Philadelphia 1 - New York 1
BOTTOM OF THE 7TH
New York Cyclones batting - Pitching for Philadelphia Freedom : RHP Tucker Key
Batting: RHB Evan Buhler 0-0: Ball
1-0: Ball
2-0: Foul Ball, location: 2F
2-1: Ball
3-1: Foul Ball, location: 2F
3-2: SINGLE (Groundball, 34D, EV 98.1 MPH)
Batting: RHB Kaniel Martinez 0-0: Ball
1-0: Sac Bunt to 5S - play at second, runner OUT! 5-6
Batting: LHB John McIntyre 0-0: Ball
1-0: Fielders Choice at 2nd, 4-6 (Groundball, 4, EV 80.0 MPH)
Batting: RHB Fred Etheridge 0-0: Ball
1-0: Called Strike
John McIntyre steals 2nd base
1-1: Called Strike
1-2: Ball
2-2: Strikes out looking
Bottom of the 7th over - 0 runs, 1 hit, 0 errors, 1 left on base; Philadelphia 1 - New York 1
TOP OF THE 8TH
Philadelphia Freedom batting - Pitching for New York Cyclones : LHP Richard Dobson
Batting: RHB Art Swor 0-0: Ball
1-0: Ball
2-0: Ball
3-0: Base on Balls
Batting: RHB Phillip Cox 0-0: Foul Ball, location: 2F
0-1: Ball
1-1: Bunt - Flyout to 2L! F2
Batting: RHB Garret Connors 0-0: Called Strike
0-1: DOUBLE (Line Drive, 7LM, EV 99.4 MPH)
Art Swor to third
Runner from 3rd tries for Home, SAFE, throw by LF to home
Batting: RHB Walter Muller 0-0: Ball
1-0: Foul Ball, location: 2F
1-1: Ball
2-1: Foul Ball, location: 2F
2-2: Foul Ball, location: 2F
2-2: Ground out 1-3 (Groundball, 25, EV 70.6 MPH)
Batting: RHB Wellington Wingate 0-0: Called Strike
0-1: Ground out 4-3 (Groundball, 34, EV 82.5 MPH)
Top of the 8th over - 1 run, 1 hit, 0 errors, 1 left on base; Philadelphia 2 - New York 1
BOTTOM OF THE 8TH
New York Cyclones batting - Pitching for Philadelphia Freedom : RHP Tucker Key
Batting: RHB Jarrett Evans 0-0: Ball
1-0: Ground out 6-3 (Groundball, 6, EV 108.1 MPH)
Batting: LHB Jim Mjima 0-0: Foul Ball, location: 2F
0-1: Ground out 6-3 (Groundball, 4M, EV 108.8 MPH)
Batting: LHB Jared Rosewall 0-0: Foul Ball, location: 2F
0-1: Ball
1-1: Ball
2-1: Ball
3-1: Base on Balls
Pitching: LHP Keegan Groves
Batting: RHB Alexander Charter 0-0: Ball
1-0: Ground out 4-3 (Groundball, 4D, EV 84.4 MPH)
Bottom of the 8th over - 0 runs, 0 hits, 0 errors, 1 left on base; Philadelphia 2 - New York 1
TOP OF THE 9TH
Philadelphia Freedom batting - Pitching for New York Cyclones : LHP Richard Dobson
Batting: RHB Mitch Marcinkowski 0-0: Called Strike
0-1: Swinging Strike
0-2: Ground out 6-3 (Groundball, 6, EV 85.0 MPH)
Batting: RHB Coby Setko 0-0: Called Strike
0-1: Swinging Strike
0-2: Strikes out looking
Batting: RHB Isaiah Thomas 0-0: Ball
1-0: Swinging Strike
1-1: Ball
2-1: Called Strike
2-2: Strikes out swinging
Top of the 9th over - 0 runs, 0 hits, 0 errors, 0 left on base; Philadelphia 2 - New York 1
BOTTOM OF THE 9TH
New York Cyclones batting - Pitching for Philadelphia Freedom : LHP Keegan Groves
Pinch Hitting: RHB Rob Detling 0-0: Foul Ball, location: 2F
0-1: Ball
1-1: Called Strike
1-2: Strikes out looking
Batting: RHB Evan Buhler 0-0: Ground out 6-3 (Groundball, 6M, EV 105.0 MPH)
Batting: RHB Kaniel Martinez 0-0: Called Strike
0-1: SINGLE (Flyball, 78S, EV 86.9 MPH)
Pinch Hitting: RHB Jerry Critchfield 0-0: Called Strike
0-1: Ball
1-1: Ball
2-1: Foul Ball, location: 2F
2-2: Foul Ball, location: 2F
2-2: SINGLE (Line Drive, 9LM, EV 104.4 MPH)
Kaniel Martinez to second
Batting: RHB Fred Etheridge 0-0: Ball
1-0: Ball
2-0: Called Strike
2-1: Called Strike
2-2: Ball
3-2: Foul Ball, location: 2F
3-2: Foul Ball, location: 2F
3-2: Foul Ball, location: 2F
3-2: Base on Balls
Kaniel Martinez to third
Jerry Critchfield to second
Batting: RHB Jarrett Evans 0-0: Ball
1-0: Foul Ball, location: 2F
1-1: Swinging Strike
1-2: Strikes out looking
Bottom of the 9th over - 0 runs, 2 hits, 0 errors, 3 left on base; Philadelphia 2 - New York 1
Thursday, April 4th , 2024 - OOTP Baseball 23.10 Build 110